cohdb
Replays
Latest Replays
All Replays
Popular Replays
Top Player Replays
Match Explorer
How It Works
Community
CoH3 Stats
Reddit
Sign in to upload your games and track your stats! →
Sign in with Steam
Match 43772098
Unlisted
Match 43772098
Overview
Messages
Build Orders
End
Construct Infanterie Kompanie
Kettenkrad Recon Vehicle
Selects Terror Battlegroup
Selects Machine Gun Camouflage
MG 42 Machine Gun Team
MG 42 Machine Gun Team
GrW 34 Mortar Team
Medical Station
Construct Luftwaffe Kompanie
Selects Contempt for the Weak
Jäger Squad
Luftwaffe Officer Quarters
Jäger Squad
Support Elements
Marder III M Tank Destroyer
Selects Propaganda Leaflet Drop
Jäger Squad
Wirbelwind Flakpanzer
Construct Panzergrenadier Kompanie
Pioneer Squad
Jäger Squad
Selects V1 Rocket Strike
Wirbelwind Flakpanzer
Pak 40 Anti-tank Gun Team
TamponFIN
wille526
Jarkke
Retzbocher Klaus
Lilfuture
jota barba 7
0
0
Comments
sign in to comment!
No comments posted yet!